Map: 월드 오브 슬리퍼스 - 래더

Players

Armani

  • Race: Zerg Zerg
  • League: Grandmaster
  • Spawn Location: 1:00

soO - Winner!

  • Race: Zerg Zerg
  • Spawn Location: 7:00

VOD

Have the link to the VOD?

Description

Time

  • Played on: Jan. 16, 2020, 4:16 a.m.
  • Length: 8:46
Show
View Real Time Build Order
Export as new Build Order

Armani Zerg 

Build Orders: Hatch First 

Get SALT Encoding   

  12  0:01  Drone  
  13  0:13  Overlord  
  13  0:17  Drone  
  14  0:31  Drone x2  
  16  0:48  Hatchery  
  15  0:52  Drone  
  15  0:55  Drone  
  17  0:58  Drone  
  18  1:09  Extractor  
  17  1:14  Spawning Pool  
  17  1:17  Drone  
  17  1:20  Drone  
  18  1:29  Drone  
  19  1:39  Drone  
  20  1:50  Overlord  
  20  2:00  Queen  
  20  2:01  Queen  
  22  2:02  Drone x2  
  26  2:09  Metabolic Boost  
  26  2:12  Drone  
  26  2:13  Drone  
  28  2:29  Hatchery  
  27  2:31  Drone  
  27  2:34  Drone  
  27  2:36  Zergling x2  
  30  2:41  Drone  
  30  2:43  Drone  
  33  2:44  Drone  
  33  2:54  Overlord  
  33  2:55  Drone  
  34  2:59  Baneling Nest  
  34  3:05  Drone x2  
  35  3:15  Drone  
  35  3:19  Zergling x2  
  37  3:20  Zergling x2  
  37  3:21  Drone x2, Evolution Chamber  
  37  3:23  Overlord  
  37  3:25  Drone  
  40  3:32  Drone  
  41  3:37  Drone  
  41  3:40  Queen  
  45  3:42  Drone x2  
  48  3:48  Drone  
  48  3:49  Zerg Missile Weapons Level 1  
  48  3:52  Drone  
  48  3:55  Roach Warren, Overlord  
  49  4:00  Zergling x12  
  54  4:03  Zergling x4  
  54  4:08  Extractor  
  55  4:10  Overlord  
  55  4:14  Zergling x4  
  57  4:28  Zergling x18  
  65  4:39  Roach x2  
  65  4:41  Roach  
  71  4:47  Lair  
  71  4:50  Roach x2, Evolution Chamber  
  71  4:51  Overlord  
  74  4:53  Overlord  
  74  4:56  Overlord  
  74  4:57  Overlord  
  75  5:01  Overlord  
  75  5:05  Overlord  
  74  5:15  Drone  
  74  5:18  Drone  
  74  5:19  Drone x5  
  74  5:20  Drone  
  72  5:21  Extractor  
  72  5:25  Drone  
  68  5:31  Roach x3  
  68  5:32  Roach x2  
  74  5:39  Drone x4  
  76  5:45  Glial Reconstitution  
  76  5:49  Roach x2  
  80  5:51  Roach  
  80  5:52  Extractor  
  80  5:55  Roach x2  
  85  5:57  Drone  
  85  6:00  Roach  
  85  6:03  Roach  
  85  6:04  Roach  
  92  6:09  Roach  
  92  6:10  Roach  
  96  6:12  Roach x3  
  96  6:17  Roach x3  
  108  6:21  Roach x2  
  112  6:26  Roach x2  
  112  6:32  Roach x2  
  120  6:34  Roach  
  120  6:35  Overlord  
  120  6:38  Overlord  
  122  6:46  Extractor  
  121  6:50  Overlord  
  123  6:54  Roach x4  
  123  6:57  Roach x3  
  135  7:01  Roach  
  135  7:03  Overlord  
  137  7:10  Roach  
  137  7:11  Roach x3  
  145  7:17  Overlord  
  145  7:18  Overlord  
  145  7:22  Roach x3  
  151  7:27  Roach  
  151  7:29  Overlord  
  139  7:38  Roach x3  
  133  7:48  Roach x5  
  111  8:03  Roach x7  
  113  8:08  Roach x2  
  113  8:10  Roach x2  
  113  8:11  Overseer  
  119  8:17  Roach  
  119  8:18  Roach  
  121  8:22  Roach  
  123  8:27  Ravager  
Show
View Real Time Build Order
Export as new Build Order

soO Zerg - Winner!

Build Orders: Hatch First 

Get SALT Encoding   

  12  0:00  Drone  
  13  0:12  Overlord  
  13  0:16  Drone  
  14  0:30  Drone x2  
  16  0:47  Hatchery  
  15  0:50  Drone  
  15  0:54  Drone  
  17  0:57  Drone  
  18  1:08  Extractor  
  17  1:12  Spawning Pool  
  17  1:15  Drone  
  17  1:19  Drone  
  18  1:28  Drone  
  19  1:38  Drone  
  20  1:49  Overlord  
  20  1:59  Queen x2  
  20  2:00  Zergling x2, Drone  
  26  2:10  Drone x2  
  26  2:12  Metabolic Boost  
  28  2:20  Drone  
  28  2:21  Drone  
  30  2:31  Drone  
  30  2:32  Drone  
  32  2:43  Drone  
  33  2:45  Hatchery, Drone  
  33  2:50  Queen  
  35  2:55  Baneling Nest  
  35  2:56  Drone  
  35  3:00  Overlord  
  35  3:03  Drone  
  36  3:17  Evolution Chamber  
  36  3:19  Drone  
  35  3:20  Drone x3  
  35  3:21  Drone  
  35  3:22  Drone  
  35  3:25  Zergling x2  
  41  3:29  Drone  
  41  3:33  Roach Warren  
  41  3:37  Zergling x2  
  41  3:40  Zergling x2  
  43  3:42  Zerg Missile Weapons Level 1  
  43  3:43  Overlord  
  43  3:48  Overlord  
  43  3:52  Overlord  
  43  3:55  Baneling x2  
  43  3:56  Overlord  
  43  3:58  Drone x3  
  43  4:00  Drone  
  43  4:01  Drone  
  48  4:03  Drone  
  48  4:04  Drone  
  48  4:08  Zergling x4  
  52  4:14  Drone  
  52  4:15  Extractor  
  52  4:17  Zergling x2  
  52  4:18  Zergling x2  
  54  4:25  Drone  
  54  4:27  Drone  
  54  4:30  Drone  
  57  4:33  Extractor  
  57  4:34  Drone x2  
  57  4:35  Extractor  
  57  4:39  Drone x3  
  57  4:40  Lair, Drone x2  
  57  4:45  Drone x2  
  64  4:53  Zergling x4  
  64  4:55  Overlord  
  64  4:56  Baneling x2  
  64  4:57  Evolution Chamber  
  64  4:58  Overlord  
  65  5:03  Zergling x8  
  65  5:04  Roach x2  
  65  5:05  Roach  
  65  5:06  Roach  
  77  5:11  Roach  
  77  5:12  Roach  
  79  5:16  Roach x2  
  79  5:19  Roach  
  78  5:25  Roach x2  
  74  5:32  Drone  
  74  5:33  Drone x5  
  74  5:35  Drone x2  
  81  5:37  Drone  
  82  5:43  Queen  
  82  5:45  Drone  
  82  5:46  Drone  
  82  5:48  Glial Reconstitution  
  86  5:52  Drone x2  
  86  5:55  Queen  
  90  6:01  Zerg Missile Weapons Level 2  
  90  6:03  Drone  
  91  6:06  Overseer  
  91  6:07  Overlord  
  91  6:09  Drone x2  
  92  6:12  Extractor  
  92  6:14  Roach x2  
  95  6:19  Roach, Overlord  
  95  6:20  Overlord  
  95  6:21  Overlord  
  97  6:27  Roach x2  
  97  6:32  Roach x2  
  105  6:36  Overlord  
  105  6:37  Overlord  
  105  6:39  Roach x2  
  109  6:44  Roach  
  109  6:46  Roach x2  
  115  6:52  Roach x5  
  125  7:00  Roach x4  
  133  7:05  Roach x2  
  133  7:06  Roach x2  
  141  7:10  Roach  
  141  7:11  Roach  
  145  7:19  Overlord  
  145  7:20  Overlord  
  145  7:21  Overlord  
  145  7:23  Overlord  
  145  7:26  Overlord x2  
  145  7:27  Ravager  
  145  7:28  Ravager  
  146  7:30  Overlord  
  146  7:34  Roach  
  146  7:35  Overlord  
  146  7:36  Roach x2  
  144  7:37  Roach  
  144  7:43  Roach x3  
  145  7:45  Roach  
  140  7:52  Ravager  
  140  7:53  Ravager x3  
  140  7:55  Roach x2  
  140  7:56  Roach x3  
  142  7:58  Roach  
  142  8:03  Roach  
  142  8:04  Roach  
  142  8:05  Roach  
  130  8:06  Roach  
  130  8:09  Roach  
  134  8:15  Roach x3  
  134  8:17  Roach  
  144  8:20  Ravager x2  
  144  8:22  Roach  
  146  8:27  Roach  
Tags
 
Add a new tag
Caveats
  • Supply blocks, unpowered buildings, or Contaminate may cause inaccurate times.
  • Supply counts are checked every 10 seconds.